[Event "Titled Tuesday Blitz October 25 Late 2022"]
[White "Gogolev, Artem"]
[Black "Sanchez, Robert"]
[WhiteFideId "4116615"]
[BlackFideId "2034360"]
[WhiteElo "2178"]
[BlackElo "2409"]
[Result "1-0"]
[Round "11"]
[TimeControl "180+1"]
[Date "2022.10.26"]
[WhiteClock "0:00:12"]
[BlackClock "0:00:06"]

1. e4 e6 2. d4 d5 3. exd5 exd5 4. c4 Nf6 5. Nc3 Bb4 6. Bd3 dxc4 7. Bxc4 O-O 8. Ne2 Bg4 9. O-O Nc6 10. Bg5 Be7 11. f3 Bf5 12. a3 h6 13. Bh4 a6 14. Rc1 Qd7 15. Bf2 Rad8 16. Re1 Rfe8 17. Ng3 Bg6 18. Nce2 Bd6 19. b4 h5 20. Nc3 Bf4 21. Rxe8+ Nxe8 22. Ra1 Nxd4 23. Nd5 Ne6 24. Qb3 b5 25. Nxf4 Nxf4 26. Bf1 Nf6 27. Be3 N4d5 28. Rd1 Qe8 29. Bc5 h4 30. Ne2 h3 31. g3 Bh5 32. g4 Bg6 33. Kf2 Qe5 34. Ng3 Re8 35. Bxh3 Nf4 36. Bf1 Qg5 37. Kg1 Qe5 38. Bd4 Qe7 39. Bc5 Qe5 40. Bd4 Qe7 41. Bf2 c6 42. Qc3 N6d5 43. Qxc6 Ne3 44. Re1 Nfd5 45. Qxa6 Qg5 46. Qxb5 Re6 47. Qc5 Nxf1 48. Rxe6 fxe6 49. Nxf1 Qe5 50. Qc8+ Kh7 51. Qc1 Nf4 52. Qe3 Ne2+ 53. Kg2 Qxe3 54. Bxe3 Nc3 55. Ng3 Bc2 56. Ne4 Nxe4 57. fxe4 Bxe4+ 58. Kg3 Bc6 59. Kf4 Kg6 60. Ke5 Bd5 61. h4 Kf7 62. h5 Bb3 63. g5 Ba4 64. h6 gxh6 65. gxh6 Bb3 66. Bd4 Kg6 67. Be3 Bd5 68. Kd6 Bb3 69. b5 1-0


[Site "https://www.chess.com"]

[Event "Titled Tuesday Blitz October 25 Late 2022"]
[White "Goncalves, Davi Sulzbacher"]
[Black "Makarian, Rudik"]
[WhiteFideId "2154510"]
[BlackFideId "44105681"]
[WhiteElo "2182"]
[BlackElo "2405"]
[Result "0-1"]
[Round "11"]
[TimeControl "180+1"]
[Date "2022.10.26"]
[WhiteClock "0:00:01"]
[BlackClock "0:00:41"]

1. Nf3 Nf6 2. g3 b5 3. Bg2 Bb7 4. O-O e6 5. d4 Bd6 6. a4 b4 7. c4 c5 8. d5 O-O 9. Bg5 exd5 10. Nh4 Be5 11. Nd2 Bxb2 12. cxd5 h6 13. Bxf6 Bxf6 14. Rc1 d6 15. Ne4 g6 16. Nf3 Bg7 17. Nfd2 Ba6 18. Re1 Re8 19. e3 f5 20. Nxc5 dxc5 21. d6 Nd7 22. Bd5+ Kh7 23. e4 f4 24. gxf4 Qh4 25. Qf3 Rad8 26. e5 Nxe5 27. fxe5 Rxe5 28. Rxe5 Bxe5 29. Qf7+ Bg7 30. Nf3 Qg4+ 31. Kh1 Qf5 32. Qxf5 gxf5 33. Rxc5 Rxd6 34. Kg2 Rg6+ 35. Kh1 Bd3 36. Bf7 Be4 37. Bxg6+ Kxg6 38. Kg2 b3 39. Rc4 b2 40. Rb4 b1=Q 41. Rxb1 Bxb1 42. Nh4+ Kh5 43. Kh3 Be4 44. f3 Bf6 45. Ng2 Bxf3 46. Nf4+ Kg5 47. Ne6+ Kg6 48. Nf4+ Kf7 49. Nd3 Bc6 50. a5 Bc3 51. a6 Kf6 52. Kg3 Bb5 53. Nc5 Be5+ 0-1


[Site "https://www.chess.com"]

[Event "Titled Tuesday Blitz October 25 Late 2022"]
[White "Gonzalez, Francisco Silva"]
[Black "Jimenez Fernandez, Rebeca"]
[WhiteFideId "1512285"]
[BlackFideId "32070934"]
[WhiteElo "2159"]
[BlackElo "1946"]
[Result "1-0"]
[Round "11"]
[TimeControl "180+1"]
[Date "2022.10.26"]
[WhiteClock "0:00:14"]
[BlackClock "0:00:01"]

1. d4 d5 2. c4 c6 3. Nc3 Nf6 4. e3 e6 5. Nf3 Nbd7 6. Bd3 dxc4 7. Bxc4 b5 8. Be2 a6 9. e4 c5 10. e5 Ng8 11. Ne4 Bb7 12. Nc3 cxd4 13. Qxd4 Bc5 14. Qf4 Ne7 15. Ng5 O-O 16. Bd3 Ng6 17. Qg3 Ndxe5 18. Bc2 h6 19. f4 hxg5 20. fxe5 Qd4 21. Bxg5 Qxe5+ 22. Qxe5 Nxe5 23. Be4 Bxe4 24. Nxe4 Bb4+ 25. Ke2 Rac8 26. Rac1 f6 27. Bh4 Ng6 28. Bg3 e5 29. a3 Ba5 30. Rhd1 Rfd8 31. Rxd8+ Rxd8 32. Rc6 Ne7 33. Rxa6 Bc7 34. Ra7 Rc8 35. Rb7 Nf5 36. Kd3 Rd8+ 37. Kc3 Ba5+ 38. b4 Rc8+ 39. Kb2 1-0


[Site "https://www.chess.com"]

[Event "Titled Tuesday Blitz October 25 Late 2022"]
[White "Goroshkov, Maksym"]
[Black "Haszon, David"]
[WhiteFideId "14142716"]
[BlackFideId "733610"]
[WhiteElo "2257"]
[BlackElo "2211"]
[Result "1-0"]
[Round "11"]
[TimeControl "180+1"]
[Date "2022.10.26"]
[WhiteClock "0:00:52"]
[BlackClock "0:00:07"]

1. e4 e5 2. d4 exd4 3. c3 dxc3 4. Bc4 cxb2 5. Bxb2 d5 6. Bxd5 Nf6 7. Nf3 Bb4+ 8. Kf1 Nxd5 9. exd5 Bf8 10. Nc3 f6 11. Nh4 Qd7 12. Qh5+ Qf7 13. Re1+ Be7 14. Qe2 Kd8 15. Nf3 Re8 16. Nd4 Bd6 17. Ne6+ Bxe6 18. dxe6 Qg6 19. Qb5 Kc8 20. h4 Nc6 21. h5 Qg5 22. Qxg5 fxg5 23. Nd5 Nd8 24. e7 Nc6 25. h6 Kd7 26. hxg7 Bxe7 27. Rxh7 Rg8 28. Rh8 Rae8 29. Bf6 Bd8 30. Rxe8 Rxe8 31. Rxe8 Kxe8 32. g8=Q+ 1-0


[Site "https://www.chess.com"]

[Event "Titled Tuesday Blitz October 25 Late 2022"]
[White "Gritsenko, Nikolai"]
[Black "Sivakumar, Shaaketh"]
[WhiteFideId "14112493"]
[BlackFideId "30940176"]
[WhiteElo "2389"]
[BlackElo "2174"]
[Result "1-0"]
[Round "11"]
[TimeControl "180+1"]
[Date "2022.10.26"]
[WhiteClock "0:00:13"]
[BlackClock "0:00:30"]

1. d4 d5 2. Nf3 Nf6 3. Bf4 c5 4. e3 Nc6 5. c3 cxd4 6. exd4 Bf5 7. Bd3 Bxd3 8. Qxd3 e6 9. Nbd2 Bd6 10. Bg5 O-O 11. O-O h6 12. Bh4 Be7 13. Rae1 Nh5 14. Bxe7 Qxe7 15. g3 Qd6 16. Nh4 Nf6 17. f4 b5 18. Nhf3 b4 19. Ne5 bxc3 20. bxc3 Ne7 21. g4 Rac8 22. g5 Nh7 23. gxh6 gxh6 24. f5 Nxf5 25. Rxf5 exf5 26. Qg3+ Ng5 27. h4 f4 28. Qg2 f6 29. hxg5 hxg5 30. Ndf3 Rc7 31. Ng4 Kg7 32. Nf2 Re7 33. Rb1 Rb8 34. Rf1 Qd7 35. Ng4 Rbe8 36. Nxf6 Kxf6 37. Qxg5+ Ke6 38. Qg6# 1-0


[Site "https://www.chess.com"]

[Event "Titled Tuesday Blitz October 25 Late 2022"]
[White "Hansen, Eric"]
[Black "Naroditsky, Daniel"]
[WhiteFideId "2606771"]
[BlackFideId "2026961"]
[WhiteElo "2981"]
[BlackElo "3166"]
[Result "0-1"]
[Round "11"]
[TimeControl "180+1"]
[Date "2022.10.26"]
[WhiteClock "0:00:01"]
[BlackClock "0:00:03"]

1. e4 c6 2. Nf3 d5 3. d3 Qc7 4. Nc3 dxe4 5. dxe4 e5 6. Bc4 b5 7. Bb3 h6 8. a4 b4 9. Nb1 Nd7 10. Nbd2 Ngf6 11. O-O Nc5 12. Bc4 Be7 13. Qe2 a5 14. b3 O-O 15. Bb2 Bd6 16. h3 Qe7 17. Nh4 Kh8 18. Rad1 Re8 19. Qf3 Be6 20. Nf5 Bxf5 21. Qxf5 g6 22. Qf3 Rad8 23. Rfe1 Kg7 24. Qe3 Bb8 25. c3 Ba7 26. Qf3 bxc3 27. Bxc3 Bb6 28. Be2 Ne6 29. Bxe5 Nd4 30. Bxd4 Bxd4 31. Bf1 Nd7 32. Nc4 Ne5 33. Nxe5 Qxe5 34. Rc1 Rd6 35. Rc2 Rf6 36. Qd3 Rd8 37. Qc4 c5 38. Qe2 Qg3 39. e5 Rxf2 40. Qxf2 Bxf2+ 41. Rxf2 Qxb3 42. Bb5 Qe6 43. Rf4 Rd4 44. Rf3 c4 45. Rfe3 Rf4 46. Kh1 h5 47. Kg1 h4 48. Kh1 Rd4 49. R3e2 c3 50. Rc2 Qb3 51. Rec1 Rd2 52. Rxc3 Qd5 53. Bc6 Qxe5 54. Bf3 Qg5 55. Rc5 Qf4 56. R5c4 Rd4 57. Rc7 Rxa4 58. R7c3 Rd4 59. Rf1 Qe5 60. Rcc1 Rd7 61. Rce1 Qg3 62. Ra1 Qe5 63. Ra4 Qg5 64. Rg4 Qe7 65. Ra4 Ra7 66. Rfa1 Qc5 67. Rxh4 Qc3 68. Rha4 f5 69. Bd5 Qc5 70. Bf3 Qe5 71. Bc6 g5 72. Bf3 Ra6 73. Rc1 g4 74. hxg4 Rh6+ 75. Kg1 Qe3+ 0-1


[Site "https://www.chess.com"]

[Event "Titled Tuesday Blitz October 25 Late 2022"]
[White "Harvey, Marcus R"]
[Black "Mendez Fortes, Eduardo Jesus"]
[WhiteFideId "400092"]
[BlackFideId "3502376"]
[WhiteElo "2457"]
[BlackElo "2307"]
[Result "1-0"]
[Round "11"]
[TimeControl "180+1"]
[Date "2022.10.26"]
[WhiteClock "0:00:06"]
[BlackClock "0:00:05"]

1. d4 Nf6 2. Nf3 d5 3. c4 e6 4. Nc3 Bb4 5. Qa4+ Nc6 6. cxd5 exd5 7. Bg5 h6 8. Bxf6 Qxf6 9. e3 O-O 10. Rc1 Bf5 11. a3 Bxc3+ 12. Rxc3 Rfe8 13. Be2 Be4 14. O-O Qd6 15. Rfc1 Rec8 16. Nd2 Bg6 17. Bb5 Ne7 18. Bd7 Rd8 19. Rxc7 Qb6 20. Qb4 Qxb4 21. axb4 Rab8 22. b5 Bd3 23. R1c3 Bg6 24. Nf3 f6 25. Be6+ Kf8 26. Nh4 Be8 27. b6 axb6 28. Nf5 Nxf5 29. Bxf5 Bc6 30. h4 Ra8 31. Be6 Ra1+ 32. Kh2 Rd6 33. Bc8 Ra7 34. b4 Kg8 35. h5 Kf8 36. Kg3 Be8 37. Rxb7 Rxb7 38. Bxb7 Bxh5 39. Rc8+ Be8 40. Rc7 Bd7 41. Bc8 Bxc8 42. Rxc8+ Kf7 43. b5 Re6 44. Rc7+ Kg6 45. Kf3 f5 46. g4 fxg4+ 47. Kxg4 Kf6 48. Kh5 Rd6 49. Rc8 Kf5 50. Re8 Kf6 51. Re5 Rd7 52. f3 Rd6 53. f4 Rd7 54. f5 Rd6 55. Kg4 Kf7 56. Kf4 Kf6 57. e4 dxe4 58. Kxe4 g5 59. d5 h5 60. Re8 g4 61. Rh8 Kg5 62. Rg8+ Kh4 63. Ke5 Rd7 64. f6 g3 65. Ke6 Ra7 66. f7 Rxf7 67. Kxf7 Kh3 68. d6 g2 69. d7 h4 70. d8=Q Kh2 71. Qd6+ Kh1 72. Qxb6 h3 73. Qf2 Kh2 74. b6 Kh1 75. b7 h2 76. Qxg2# 1-0


[Site "https://www.chess.com"]

[Event "Titled Tuesday Blitz October 25 Late 2022"]
[White "Ibarra Jerez, Jose Carlos"]
[Black "Timmermans, Mark"]
[WhiteFideId "2226332"]
[BlackFideId "1026399"]
[WhiteElo "2627"]
[BlackElo "2460"]
[Result "1-0"]
[Round "11"]
[TimeControl "180+1"]
[Date "2022.10.26"]
[WhiteClock "0:01:09"]
[BlackClock "0:00:49"]

1. Nf3 Nf6 2. g3 e6 3. Bg2 d5 4. O-O Be7 5. c4 O-O 6. b3 c5 7. cxd5 Nxd5 8. Bb2 b6 9. d4 cxd4 10. Nxd4 Bb7 11. e4 Nb4 12. Nc3 N8c6 13. Nxc6 Nxc6 14. e5 Qxd1 15. Rfxd1 Rfd8 16. Nb5 a6 17. Nd6 Bxd6 18. exd6 Na5 19. Rac1 Rac8 20. Rxc8 Bxc8 21. Bc3 Bd7 22. Bd4 Rb8 23. Rc1 Kf8 24. Rc7 Ke8 25. b4 1-0


[Site "https://www.chess.com"]

[Event "Titled Tuesday Blitz October 25 Late 2022"]
[White "Ismayil, Malak"]
[Black "Toncheva, Nadya"]
[WhiteFideId "13412604"]
[BlackFideId "2924056"]
[WhiteElo "1879"]
[BlackElo "2101"]
[Result "0-1"]
[Round "11"]
[TimeControl "180+1"]
[Date "2022.10.26"]
[WhiteClock "0:00:03"]
[BlackClock "0:00:07"]

1. e4 c5 2. Nf3 e6 3. b3 Nc6 4. Bb2 Nf6 5. d3 Be7 6. Nbd2 O-O 7. g3 d5 8. Bg2 b6 9. O-O Bb7 10. Qe2 Qc7 11. a3 Rad8 12. Rfe1 Rfe8 13. Rad1 Nd7 14. h4 Nf8 15. e5 f6 16. exf6 Bxf6 17. Bxf6 gxf6 18. Qe3 Qg7 19. c4 d4 20. Qe2 Ng6 21. Ne4 Kh8 22. Qd2 Rg8 23. h5 Nge5 24. Nxe5 Nxe5 25. Qf4 Ng4 26. Bf3 Ne5 27. Bg2 Ng4 28. Bh3 f5 29. Nd2 e5 30. Qxf5 Bc8 31. Qe4 Nxf2 32. Kxf2 Bxh3 33. Rg1 Rgf8+ 34. Ke1 Bg4 35. Rc1 Rf7 36. Nf1 Rdf8 37. Kd2 Rf2+ 38. Ke1 Re2+ 39. Qxe2 Bxe2 40. Kxe2 Qg4+ 41. Kd2 Rf2+ 0-1


[Site "https://www.chess.com"]

[Event "Titled Tuesday Blitz October 25 Late 2022"]
[White "Jaferian, Koosha"]
[Black "Baskakov, Egor"]
[WhiteFideId "12507440"]
[BlackFideId "24197866"]
[WhiteElo "2127"]
[BlackElo "2211"]
[Result "0-1"]
[Round "11"]
[TimeControl "180+1"]
[Date "2022.10.26"]
[WhiteClock "0:00:13"]
[BlackClock "0:00:18"]

1. e4 c5 2. Nc3 Nc6 3. Bb5 g6 4. Bxc6 dxc6 5. f4 Bg7 6. d3 e5 7. Nf3 exf4 8. Bxf4 h6 9. O-O Be6 10. Qd2 Ne7 11. Be5 Bxe5 12. Nxe5 Qd4+ 13. Kh1 Qxe5 14. Rae1 h5 15. a4 Rd8 16. Qe3 b6 17. a5 h4 18. axb6 axb6 19. h3 b5 20. Rb1 c4 21. Rfd1 cxd3 22. cxd3 Qd4 23. Qg5 Rh5 24. Qd2 Qe5 25. Ne2 Rh8 26. Qe3 c5 27. Nf4 Qd4 28. Qf3 Bb3 29. Rf1 g5 30. Nh5 Qxd3 31. Nf6+ Kf8 32. Qg4 Qg3 33. Qe2 Bc4 34. Qc2 Bxf1 35. Rxf1 Qd3 36. Qf2 Qc4 37. Nd5 Rh7 38. Qf6 Qxe4 39. Nc7 Rd2 40. Qxg5 Rd8 41. Qf6 Kg8 42. Rf4 Qe1+ 43. Rf1 Qe3 44. Rf3 Rd1+ 45. Rf1 Rxf1+ 46. Qxf1 Rg7 47. Ne8 Rg6 48. Nf6+ Rxf6 49. Qxf6 Ng6 50. Qd8+ Kg7 51. Kh2 Qe5+ 52. Kh1 Qxb2 53. Qd6 Qa1+ 54. Kh2 Qe5+ 55. Qxe5+ Nxe5 56. g3 hxg3+ 57. Kxg3 b4 58. Kf4 f6 59. Ke4 Kh6 60. h4 Kh5 61. Kd5 c4 62. Kc5 b3 63. Kb4 b2 64. Kc3 b1=Q 65. Kd4 Qd3+ 66. Kc5 Kxh4 67. Kb4 c3 68. Ka3 c2+ 69. Kb2 Qd1 70. Ka2 Kh5 71. Kb3 Qb1+ 72. Ka3 c1=Q+ 73. Ka4 Qc6+ 74. Ka5 Nc4# 0-1


[Site "https://www.chess.com"]

[Event "Titled Tuesday Blitz October 25 Late 2022"]
[White "Kamsky, Gata"]
[Black "Jobava, Baadur"]
[WhiteFideId "2000024"]
[BlackFideId "13601520"]
[WhiteElo "2666"]
[BlackElo "2582"]
[Result "1/2-1/2"]
[Round "11"]
[TimeControl "180+1"]
[Date "2022.10.26"]
[WhiteClock "0:02:05"]
[BlackClock "0:01:53"]

1. e4 e6 2. Qe2 d5 3. exd5 Nf6 4. Qb5+ c6 5. dxc6 Nxc6 6. Nf3 a6 7. Qe2 Bd6 8. g3 e5 9. Bg2 O-O 10. d3 Re8 11. O-O Bg4 12. c3 Qd7 13. Nbd2 h6 14. Ne4 Be7 15. Re1 Rad8 16. Be3 Qxd3 17. Qxd3 Rxd3 18. Nxf6+ Bxf6 19. Nd2 Be7 20. Nc4 Bf8 21. Be4 Rdd8 22. Bb6 Rc8 23. Ne3 Be6 24. Red1 Be7 25. Nf5 Bf8 26. Nd6 Bxd6 27. Rxd6 1/2-1/2


[Site "https://www.chess.com"]

[Event "Titled Tuesday Blitz October 25 Late 2022"]
[White "Karacsonyi, Gellert"]
[Black "Yeletsky, Ivan"]
[WhiteFideId "764620"]
[BlackFideId "24180327"]
[WhiteElo "2308"]
[BlackElo "2391"]
[Result "0-1"]
[Round "11"]
[TimeControl "180+1"]
[Date "2022.10.26"]
[WhiteClock "0:00:39"]
[BlackClock "0:00:56"]

1. e4 Nf6 2. e5 Nd5 3. d4 d6 4. c4 Nb6 5. exd6 exd6 6. Nc3 Be7 7. Bd3 O-O 8. Nge2 Nc6 9. b3 Bg4 10. f3 Bh4+ 11. Ng3 Re8+ 12. Kf2 Nxd4 13. Bxh7+ Kxh7 14. Qxd4 Bd7 15. Bb2 Bf6 16. Qd3+ Kg8 17. Rae1 Bc6 18. Qc2 Bd4+ 19. Kf1 Rxe1+ 20. Kxe1 d5 21. Nxd5 Nxd5 22. cxd5 Qxd5 23. Bxd4 Qxd4 24. Ne2 Re8 25. Rf1 Bb5 26. Rf2 Bxe2 27. Rxe2 Qg1+ 28. Kd2 Rd8+ 0-1


[Site "https://www.chess.com"]

[Event "Titled Tuesday Blitz October 25 Late 2022"]
[White "Kirillov, Dmitry"]
[Black "Machidon, Cristi"]
[WhiteFideId "34180572"]
[BlackFideId "13904590"]
[WhiteElo "2095"]
[BlackElo "2312"]
[Result "1-0"]
[Round "11"]
[TimeControl "180+1"]
[Date "2022.10.26"]
[WhiteClock "0:02:55"]
[BlackClock "0:02:42"]

1. e4 c6 2. d4 d5 3. Nc3 dxe4 4. Nxe4 Nf6 5. Nxf6+ exf6 6. c3 Bd6 7. Bd3 O-O 8. Qc2 Re8+ 9. Ne2 h5 10. Be3 Nd7 11. O-O-O Nf8 12. Kb1 Be6 13. c4 b5 14. d5 c5 15. dxe6 1-0


[Site "https://www.chess.com"]

[Event "Titled Tuesday Blitz October 25 Late 2022"]
[White "Korchmar, Vasiliy"]
[Black "Annaberdiyev, Babageldi"]
[WhiteFideId "24131750"]
[BlackFideId "14000385"]
[WhiteElo "2370"]
[BlackElo "2332"]
[Result "1-0"]
[Round "11"]
[TimeControl "180+1"]
[Date "2022.10.26"]
[WhiteClock "0:00:06"]
[BlackClock "0:00:14"]

1. e4 e6 2. d4 d5 3. e5 c5 4. c3 Nc6 5. Nf3 Qb6 6. Be2 cxd4 7. cxd4 Nge7 8. Na3 Nf5 9. Nc2 h5 10. O-O Be7 11. Bd3 g6 12. Bxf5 exf5 13. Bg5 Be6 14. Bxe7 Nxe7 15. Qd2 Rc8 16. b3 Kf8 17. Rfc1 Kg7 18. Qg5 Rhe8 19. Qf6+ Kg8 20. Ne3 Rxc1+ 21. Rxc1 Nc6 22. Rd1 Qa5 23. Rd2 Qd8 24. Qxd8 Rxd8 25. g3 Kg7 26. h4 Rc8 27. Rc2 a6 28. Kf1 Kf8 29. Ke1 Ke7 30. Kd2 Kd7 31. Ng2 a5 32. Nf4 a4 33. bxa4 Ra8 34. Nd3 b6 35. Rb2 Rxa4 36. Rxb6 Rxa2+ 37. Ke3 Kc7 38. Rxc6+ Kd7 39. Rc3 Ra1 40. Nc5+ Ke7 41. Rb3 Ra2 42. Rb7+ Ke8 43. Rb6 Ra3+ 44. Rb3 Ke7 45. Rxa3 1-0


[Site "https://www.chess.com"]

[Event "Titled Tuesday Blitz October 25 Late 2022"]
[White "Kovacevic, Radmila"]
[Black "Marcolino, Daniel Mattos"]
[WhiteFideId "933171"]
[BlackFideId "2106841"]
[WhiteElo "2208"]
[BlackElo "2094"]
[Result "1-0"]
[Round "11"]
[TimeControl "180+1"]
[Date "2022.10.26"]
[WhiteClock "0:01:06"]
[BlackClock "0:00:03"]

1. e4 c6 2. d4 d5 3. e5 c5 4. Be3 cxd4 5. Bxd4 Nc6 6. Bb5 e6 7. Nc3 Bb4 8. Bxc6+ bxc6 9. Qg4 g6 10. a3 Be7 11. h4 Nh6 12. Qf4 Nf5 13. O-O-O h5 14. Nge2 Ba6 15. f3 Rb8 16. Bf2 c5 17. Rd2 Qa5 18. g4 hxg4 19. fxg4 d4 20. gxf5 dxc3 21. Nxc3 gxf5 22. Rhd1 c4 23. Rd6 Bxd6 24. exd6 Kd7 25. Qg5 Rhe8 26. Ne4 Qb5 27. Nf6+ Kc6 28. Qg2+ 1-0


[Site "https://www.chess.com"]

[Event "Titled Tuesday Blitz October 25 Late 2022"]
[White "Li, Ben"]
[Black "Goryachkina, Aleksandra"]
[WhiteFideId "2089980"]
[BlackFideId "4147103"]
[WhiteElo "2267"]
[BlackElo "2484"]
[Result "1-0"]
[Round "11"]
[TimeControl "180+1"]
[Date "2022.10.26"]
[WhiteClock "0:00:08"]
[BlackClock "0:00:01"]

1. d4 Nf6 2. c4 e6 3. Nf3 d5 4. Nc3 Nbd7 5. a3 Be7 6. Bf4 O-O 7. Nb5 Ne8 8. e3 a6 9. Nc3 dxc4 10. Bxc4 b5 11. Bd3 Bb7 12. b4 a5 13. Rb1 axb4 14. axb4 Nef6 15. O-O Nd5 16. Nxd5 Bxd5 17. Bxb5 Rb8 18. Qe2 Bxf3 19. gxf3 Nf6 20. Rfc1 Nd5 21. Bg3 Bxb4 22. Qc4 Ba3 23. Rd1 Bd6 24. Bc6 Rxb1 25. Rxb1 Nb6 26. Qa6 h5 27. Qa5 h4 28. Bxd6 Qxd6 29. Be4 f5 30. Bd3 Rf6 31. Rc1 Rg6+ 32. Kh1 Qe7 33. f4 Qd6 34. Qc5 Nd5 35. Bc4 Nf6 36. Qxd6 cxd6 37. Bxe6+ Kf8 38. Bxf5 Rh6 39. Rc7 Nd5 40. Rd7 g6 41. Be6 Nf6 42. Rf7+ 1-0


[Site "https://www.chess.com"]

[Event "Titled Tuesday Blitz October 25 Late 2022"]
[White "Malka, Samuel"]
[Black "Lawson, Eric"]
[WhiteFideId "20643675"]
[BlackFideId "2604116"]
[WhiteElo "2454"]
[BlackElo "2547"]
[Result "1-0"]
[Round "11"]
[TimeControl "180+1"]
[Date "2022.10.26"]
[WhiteClock "0:01:47"]
[BlackClock "0:00:55"]

1. d4 d5 2. c4 c6 3. Nf3 Nf6 4. Nc3 e6 5. Qd3 Nbd7 6. g3 Rb8 7. Bg2 dxc4 8. Qxc4 b5 9. Qd3 b4 10. Na4 Qa5 11. b3 Ba6 12. Qc2 c5 13. O-O c4 14. Ne5 Nxe5 15. dxe5 Qxe5 16. Bf4 Qb5 17. bxc4 b3 18. cxb5 bxc2 19. Bxb8 Bxb5 20. Nc3 Bc4 21. Rfc1 Bc5 22. Rxc2 Kd7 23. Ne4 Nxe4 24. Bxe4 Bd4 25. Rd1 e5 26. Rxc4 Rxb8 27. e3 1-0


[Site "https://www.chess.com"]

[Event "Titled Tuesday Blitz October 25 Late 2022"]
[White "Martinez Alcantara, Jose Eduardo"]
[Black "Sarana, Alexey"]
[WhiteFideId "3805662"]
[BlackFideId "24133795"]
[WhiteElo "3087"]
[BlackElo "3023"]
[Result "0-1"]
[Round "11"]
[TimeControl "180+1"]
[Date "2022.10.26"]
[WhiteClock "0:00:03"]
[BlackClock "0:00:06"]

1. e4 c5 2. Nf3 d6 3. c3 Nf6 4. h3 g6 5. Bd3 Bg7 6. Bc2 O-O 7. d4 cxd4 8. cxd4 Nc6 9. O-O e5 10. d5 Nb4 11. Nc3 Nxc2 12. Qxc2 Ne8 13. Bd2 f5 14. Ng5 Nc7 15. Qb3 Qe7 16. f4 h6 17. Nf3 fxe4 18. Nxe4 exf4 19. Rae1 Qf7 20. Bb4 Qxd5 21. Bxd6 Qxb3 22. axb3 Rf7 23. Ne5 Bxe5 24. Bxe5 Nd5 25. Nd6 Rf8 26. Bd4 Bd7 27. Re5 Bc6 28. Re6 Kh7 29. Rfe1 g5 30. Kf2 Rad8 31. h4 gxh4 32. R1e5 Rg8 33. Ne4 Rg6 34. Bxa7 Rdg8 35. Rxg6 Rxg6 36. Bd4 Kg8 37. Rh5 Ne3 38. Bxe3 fxe3+ 39. Kxe3 Rxg2 40. Rxh6 Rxb2 41. Nd2 Rc2 42. Rxh4 Rc3+ 43. Kd4 Rg3 44. Rf4 Kg7 45. b4 Rg5 46. Nc4 Rd5+ 47. Kc3 Rh5 48. Nd6 Rd5 49. Nc8 Rh5 50. Nb6 Rb5 51. Nc4 Rg5 52. Na5 Bh1 53. Rf1 Be4 54. Rf4 Bh1 55. Kd4 Kg6 56. Rf1 Rg4+ 57. Kc5 Be4 58. Re1 Bg2 59. b5 Rg5+ 60. Kb6 Kh6 61. Re6+ Kh5 62. Re7 Bf1 63. Nxb7 Rxb5+ 64. Kc7 Rb1 65. Nd6 Bh3 66. Rh7+ Kg4 67. Ne4 Kf4 68. Nd6 Rc1+ 69. Kb6 Bg4 70. Nb5 Be6 71. Rh6 Ke5 72. Rh5+ Bf5 73. Rh2 Rb1 74. Re2+ Kd5 75. Ka5 Rf1 76. Kb4 Rf4+ 77. Ka5 Kc5 78. Re5+ Kc6 79. Rxf5 Rxf5 80. Ka6 Rxb5 81. Ka7 Kc7 82. Ka8 Rc5 83. Ka7 Ra5# 0-1


[Site "https://www.chess.com"]

[Event "Titled Tuesday Blitz October 25 Late 2022"]
[White "Mazurkiewicz, Michal"]
[Black "Shapiro, Daniel"]
[WhiteFideId "1124943"]
[BlackFideId "2001780"]
[WhiteElo "2063"]
[BlackElo "2255"]
[Result "1-0"]
[Round "11"]
[TimeControl "180+1"]
[Date "2022.10.26"]
[WhiteClock "0:00:32"]
[BlackClock "0:00:08"]

1. e4 e5 2. Nf3 Nc6 3. Bb5 a6 4. Bxc6 dxc6 5. O-O Ne7 6. Nxe5 Qd4 7. Qh5 Be6 8. Nc3 g6 9. Ne2 Qxe4 10. Nc3 Qf5 11. Qxf5 Bxf5 12. d3 Bg7 13. Bf4 Nd5 14. Bg3 O-O 15. Nc4 Nxc3 16. bxc3 Rac8 17. Rab1 b6 18. Be5 Be6 19. Bxg7 Kxg7 20. Ne5 Bxa2 21. Ra1 Be6 22. Rxa6 c5 23. Ra7 Kf6 24. f4 Ke7 25. c4 Kd6 26. Rd1 f6 27. Nf3 Rfe8 28. Kf2 Kc6 29. Nd2 Bf5 30. h3 h5 31. Kf3 Re7 32. g4 hxg4+ 33. hxg4 Bd7 34. Ne4 f5 35. gxf5 gxf5 36. Nf6 Rf8 37. Nd5 Rh7 38. Rxc7+ Kd6 39. Rb1 Rh3+ 40. Kg2 Rfh8 41. Rxb6+ 1-0


[Site "https://www.chess.com"]

[Event "Titled Tuesday Blitz October 25 Late 2022"]
[White "Melikhov, Evgeny V."]
[Black "Kabanova, Ekaterina"]
[WhiteFideId "4122046"]
[BlackFideId "24112917"]
[WhiteElo "2169"]
[BlackElo "2141"]
[Result "0-1"]
[Round "11"]
[TimeControl "180+1"]
[Date "2022.10.26"]
[WhiteClock "0:00:12"]
[BlackClock "0:00:40"]

1. d4 c5 2. d5 e5 3. e4 a6 4. a4 d6 5. Nc3 Ne7 6. Bd3 Ng6 7. Nce2 Be7 8. h3 Bg5 9. Nf3 Bxc1 10. Qxc1 O-O 11. O-O f5 12. exf5 Bxf5 13. Bxf5 Rxf5 14. Ng3 Rf4 15. Qd2 Nd7 16. Rfe1 Qe7 17. Ne4 h6 18. a5 Raf8 19. Ra3 Nf6 20. Rae3 Nxe4 21. Rxe4 Rxf3 22. gxf3 Rxf3 23. Rg4 Nf4 24. Rxf4 Qg5+ 25. Kh2 Rxf4 26. Rg1 Qf5 27. Rg2 Rf3 28. Qxh6 Qf4+ 29. Qxf4 Rxf4 30. c3 Kf7 31. Kg3 Ra4 32. Kf3 Rxa5 33. Ke3 c4 34. Ke4 Ra1 35. f4 Re1+ 36. Kf5 Rf1 37. Rg4 Rxf4+ 38. Rxf4 exf4 39. Kxf4 Kf6 40. h4 b5 41. h5 a5 42. Kg4 b4 43. cxb4 axb4 44. Kf4 c3 45. bxc3 bxc3 46. Ke3 Kg5 47. Kd3 Kxh5 48. Kxc3 Kg5 49. Kb4 Kf5 50. Kb5 Ke5 51. Kc6 g5 0-1


[Site "https://www.chess.com"]

[Event "Titled Tuesday Blitz October 25 Late 2022"]
[White "Mickiewicz, Piotr"]
[Black "Roque Sola, Gisela"]
[WhiteFideId "1114891"]
[BlackFideId "5120241"]
[WhiteElo "2246"]
[BlackElo "1961"]
[Result "1-0"]
[Round "11"]
[TimeControl "180+1"]
[Date "2022.10.26"]
[WhiteClock "0:02:12"]
[BlackClock "0:01:45"]

1. Nf3 Nf6 2. b3 g6 3. Bb2 Bg7 4. e3 O-O 5. c4 c5 6. Be2 Nc6 7. O-O a6 8. a3 Rb8 9. Qc2 d6 10. d3 b5 11. Nbd2 Bb7 12. Rfe1 e5 13. Ne4 Nxe4 14. dxe4 Bc8 15. Nd2 f5 16. exf5 Bxf5 17. Bd3 Bxd3 18. Qxd3 e4 19. Qd5+ Kh8 20. Bxg7+ Kxg7 21. Qxc6 1-0


[Site "https://www.chess.com"]

[Event "Titled Tuesday Blitz October 25 Late 2022"]
[White "Miszler, Levente"]
[Black "Sokolovsky, Yahli"]
[WhiteFideId "763276"]
[BlackFideId "2820242"]
[WhiteElo "2176"]
[BlackElo "2316"]
[Result "0-1"]
[Round "11"]
[TimeControl "180+1"]
[Date "2022.10.26"]
[WhiteClock "0:01:23"]
[BlackClock "0:00:55"]

1. Nf3 g6 2. c4 Bg7 3. g3 e5 4. Nc3 f5 5. d3 Nf6 6. Bg2 O-O 7. Nxe5 Re8 8. Nf3 d5 9. cxd5 Nxd5 10. Nxd5 Qxd5 11. O-O Nc6 12. a3 Qb5 13. Qc2 Be6 14. e3 Bb3 15. Qd2 Rad8 16. d4 Na5 17. Qb4 Qa6 18. Bd2 b6 19. Rfc1 Bf8 20. Bf1 Qb7 21. Qc3 Qxf3 22. Bg2 Qe2 23. Bf1 Qg4 24. Qxc7 Bd5 25. Bg2 Bxg2 26. Kxg2 Qe4+ 27. Kg1 Nb3 0-1


[Site "https://www.chess.com"]

[Event "Titled Tuesday Blitz October 25 Late 2022"]
[White "Muhammad, Shahzeb"]
[Black "Faizrakhmanov, Ramil"]
[WhiteFideId "7804806"]
[BlackFideId "24103209"]
[WhiteElo "2411"]
[BlackElo "2421"]
[Result "0-1"]
[Round "11"]
[TimeControl "180+1"]
[Date "2022.10.26"]
[WhiteClock "0:00:01"]
[BlackClock "0:01:40"]

1. e4 c5 2. Nc3 e6 3. f4 a6 4. d4 cxd4 5. Qxd4 Nc6 6. Qf2 Qc7 7. Bd3 b5 8. a3 Bb7 9. Nf3 d6 10. Be3 Nf6 11. Bb6 Qc8 12. e5 dxe5 13. fxe5 Nd7 14. O-O-O b4 15. axb4 Nxb4 16. Bd4 Bc5 17. Ng5 Nxd3+ 18. Rxd3 O-O 19. Nxh7 Nxe5 20. Nf6+ gxf6 21. Qg3+ Ng6 22. Bxf6 Qb8 23. Qg5 Qf4+ 24. Qxf4 Nxf4 25. Rg3+ Kh7 0-1


[Site "https://www.chess.com"]